3R
TWINSBURG TIGERS @ ATHLETIC CLUB KC U-21
06/08/2038
 
TOP OF THE 1ST
Twinsburg Tigers batting - Pitching for Athletic Club KC U-21 : RHP Bob Wheelock
Pitching: RHP Bob Wheelock
Batting: RHB Sadiya Seth 0-0: Called Strike
0-1: Ground out 6-3 (Groundball, 6, EV 88.8 MPH)
Batting: RHB Charlie Cummings 0-0: Called Strike
0-1: Called Strike
0-2: Ball
1-2: Ball
2-2: Strikes out swinging
Batting: LHB Keaton Kringlen 0-0: Called Strike
0-1: SINGLE (Line Drive, 56D, EV 95.6 MPH)
Batting: RHB Axel Ruschmeyer 0-0: Ball
1-0: Ball
2-0: Called Strike
2-1: Ball
3-1: Base on Balls
Keaton Kringlen to second
Batting: LHB Bobby O'Kennedy 0-0: Called Strike
0-1: Called Strike
0-2: Foul Ball, location: 2F
0-2: Ball
1-2: Fly out, F7 (Flyball, 7S, EV 92.5 MPH)
Top of the 1st over - 0 runs, 1 hit, 0 errors, 2 left on base; Twinsburg 0 - Athletic Club KC 0
BOTTOM OF THE 1ST
Athletic Club KC U-21 batting - Pitching for Twinsburg Tigers : RHP Forest Bell
Pitching: RHP Forest Bell
Batting: RHB Shigetoki Numata 0-0: DOUBLE (Line Drive, 9LS, EV 91.9 MPH)
Batting: LHB Bruce Simpson 0-0: Foul Ball, location: 2F
0-1: DOUBLE (Line Drive, 89XD, EV 105.6 MPH)
Shigetoki Numata scores
Batting: SHB Gary Hopkins 0-0: Ball
1-0: Swinging Strike
1-1: Called Strike
1-2: Foul Ball, location: 2F
1-2: Strikes out swinging
Batting: LHB Rafael Padilla 0-0: Ball
Wild Pitch!
Bruce Simpson to third
1-0: Ball
2-0: Ball
3-0: Called Strike
3-1: Foul Ball, location: 2F
3-2: Base on Balls
Batting: RHB Germain Bedeschi 0-0: Ball
1-0: Foul Ball, location: 2F
1-1: Called Strike
1-2: Strikes out swinging
Batting: LHB Ted Reed 0-0: Ball
1-0: Fly out, F8 (Flyball, 8RM, EV 93.8 MPH)
Bottom of the 1st over - 1 run, 2 hits, 0 errors, 2 left on base; Twinsburg 0 - Athletic Club KC 1
TOP OF THE 2ND
Twinsburg Tigers batting - Pitching for Athletic Club KC U-21 : RHP Bob Wheelock
Batting: RHB Raffaello Dichio 0-0: Ball
1-0: Ball
2-0: Foul Ball, location: 2F
2-1: Fly out, F6 (Popup, 4MS, EV 68.8 MPH)
Batting: RHB Jeff Camp 0-0: SINGLE (Groundball, 25, EV 68.1 MPH) (infield hit)
Pinch Runner at 1st Cristo Correa Jr.:
Batting: RHB John Jackson 0-0: Ball
1-0: Ball
2-0: Called Strike
2-1: Foul Ball, location: 2F
2-2: Ball
3-2: SINGLE (Line Drive, 4D, EV 107.5 MPH)
Cristo Correa Jr. to second
Batting: RHB Brian Myers 0-0: Called Strike
0-1: Swinging Strike
0-2: Fly out, F4 (Popup, 3S, EV 81.9 MPH)
Batting: RHB Sadiya Seth 0-0: Called Strike
0-1: Called Strike
0-2: Fielders Choice at 2nd, 6-4 (Groundball, 6, EV 90.6 MPH)
Top of the 2nd over - 0 runs, 2 hits, 0 errors, 2 left on base; Twinsburg 0 - Athletic Club KC 1
BOTTOM OF THE 2ND
Athletic Club KC U-21 batting - Pitching for Twinsburg Tigers : RHP Forest Bell
Now at 2B: Bill Carson
Batting: RHB Tim Hendricks 0-0: Fly out, F7 (Flyball, 7, EV 97.5 MPH)
Batting: RHB Mike Welch 0-0: Ball
1-0: Ball
2-0: Called Strike
2-1: Ball
3-1: Swinging Strike
3-2: Fly out, F9 (Line Drive, 9, EV 100.0 MPH)
Batting: RHB Heui-chung Tu 0-0: Ball
1-0: Ground out 1-3 (Groundball, 34S, EV 74.4 MPH)
Bottom of the 2nd over - 0 runs, 0 hits, 0 errors, 0 left on base; Twinsburg 0 - Athletic Club KC 1
TOP OF THE 3RD
Twinsburg Tigers batting - Pitching for Athletic Club KC U-21 : RHP Bob Wheelock
Batting: RHB Charlie Cummings 0-0: Called Strike
0-1: Ball
1-1: Ball
2-1: Ball
3-1: Foul Ball, location: 2F
3-2: Ground out 2-3 (Groundball, 2R, EV 69.4 MPH)
Batting: LHB Keaton Kringlen 0-0: SINGLE (Groundball, 4, EV 95.6 MPH) (infield hit)
Batting: RHB Axel Ruschmeyer 0-0: Called Strike
0-1: Foul Ball, location: 2F
0-2: Ball
1-2: Strikes out looking
Batting: LHB Bobby O'Kennedy 0-0: Ball
1-0: SINGLE (Groundball, 4MD, EV 104.4 MPH)
Keaton Kringlen to second
Runner from 2nd tries for 3rd, SAFE, throw by CF made to third
Batting: RHB Raffaello Dichio 0-0: Called Strike
0-1: Foul Ball, location: 2F
0-2: Ball
1-2: Ball
2-2: Foul Ball, location: 2F
2-2: Foul Ball, location: 2F
2-2: Foul Ball, location: 2F
2-2: Strikes out swinging
Top of the 3rd over - 0 runs, 2 hits, 0 errors, 2 left on base; Twinsburg 0 - Athletic Club KC 1
BOTTOM OF THE 3RD
Athletic Club KC U-21 batting - Pitching for Twinsburg Tigers : RHP Forest Bell
Batting: RHB Shigetoki Numata 0-0: Foul Ball, location: 2F
0-1: Ball
1-1: Foul Ball, location: 2F
1-2: Strikes out swinging
Batting: LHB Bruce Simpson 0-0: Ground out 6-3 (Groundball, 56, EV 88.8 MPH)
Batting: SHB Gary Hopkins 0-0: Ball
1-0: Foul Ball, location: 2F
1-1: Foul Ball, location: 2F
1-2: Foul Ball, location: 2F
1-2: Strikes out swinging
Bottom of the 3rd over - 0 runs, 0 hits, 0 errors, 0 left on base; Twinsburg 0 - Athletic Club KC 1
TOP OF THE 4TH
Twinsburg Tigers batting - Pitching for Athletic Club KC U-21 : RHP Bob Wheelock
Batting: RHB Bill Carson 0-0: Called Strike
0-1: Ball
1-1: Ball
2-1: Ball
3-1: Ground out 5-3 (Groundball, 56S, EV 76.2 MPH)
Batting: RHB John Jackson 0-0: Foul Ball, location: 2F
0-1: Ball
1-1: Ball
2-1: Ball
3-1: Base on Balls
Batting: RHB Brian Myers 0-0: Called Strike
0-1: Called Strike
0-2: Ball
1-2: Strikes out swinging
Batting: RHB Sadiya Seth Pickoff Throw to First - Out! 1-3
Top of the 4th over - 0 runs, 0 hits, 0 errors, 0 left on base; Twinsburg 0 - Athletic Club KC 1
BOTTOM OF THE 4TH
Athletic Club KC U-21 batting - Pitching for Twinsburg Tigers : RHP Forest Bell
Batting: LHB Rafael Padilla 0-0: Called Strike
0-1: Ball
1-1: Ball
2-1: Called Strike
2-2: Ball
3-2: Base on Balls
Batting: RHB Germain Bedeschi 0-0: Called Strike
0-1: Ball
1-1: Foul Ball, location: 2F
1-2: Strikes out swinging
Batting: LHB Ted Reed 0-0: Ball
Rafael Padilla is caught stealing 2nd base 2-6
1-0: Called Strike
1-1: Ball
2-1: Swinging Strike
2-2: Foul Ball, location: 2F
2-2: Foul Ball, location: 2F
2-2: Ball
3-2: DOUBLE (Flyball, 8RD, EV 91.9 MPH)
Batting: RHB Tim Hendricks 0-0: Foul Ball, location: 2F
0-1: Foul Ball, location: 2F
0-2: Foul Ball, location: 2F
0-2: Ball
1-2: SINGLE (Line Drive, 78S, EV 100.0 MPH)
Ted Reed to third
Runner from 3rd tries for Home, SAFE, throw by LF to home
Tim Hendricks to second
Batting: RHB Mike Welch 0-0: Ball
1-0: Swinging Strike
1-1: Foul Ball, location: 2F
1-2: SINGLE (Flyball, 4MD, EV 79.4 MPH)
Tim Hendricks to third
Runner from 3rd tries for Home, throw by CF and OUT! 8-2
Bottom of the 4th over - 1 run, 3 hits, 0 errors, 1 left on base; Twinsburg 0 - Athletic Club KC 2
TOP OF THE 5TH
Twinsburg Tigers batting - Pitching for Athletic Club KC U-21 : RHP Bob Wheelock
Batting: RHB Sadiya Seth 0-0: Foul Ball, location: 2F
0-1: Swinging Strike
0-2: Strikes out swinging
Batting: RHB Charlie Cummings 0-0: Called Strike
0-1: Fly out, F9 (Line Drive, 9D, EV 94.4 MPH)
Batting: LHB Keaton Kringlen 0-0: Single, Error in OF, E8, batter to second base (Groundball, 4MD, EV 102.5 MPH)
Batting: RHB Axel Ruschmeyer 0-0: Ball
1-0: Ball
2-0: Called Strike
2-1: 2-RUN HOME RUN (Line Drive, 7LD, EV 107.5 MPH), Distance : 355 ft
Batting: LHB Bobby O'Kennedy 0-0: Ball
1-0: Called Strike
1-1: Foul Ball, location: 2F
1-2: Strikes out swinging passed ball, reaches first!
Batting: RHB Raffaello Dichio 0-0: Foul Ball, location: 2F
0-1: Ball
1-1: Foul Ball, location: 2F
Pickoff Throw to First - Out! 1-3
Top of the 5th over - 2 runs, 2 hits, 1 error, 0 left on base; Twinsburg 2 - Athletic Club KC 2
BOTTOM OF THE 5TH
Athletic Club KC U-21 batting - Pitching for Twinsburg Tigers : RHP Forest Bell
Batting: RHB Heui-chung Tu 0-0: Called Strike
0-1: Fly out, F8 (Flyball, 8RXD, EV 110.6 MPH)
Batting: RHB Shigetoki Numata 0-0: Ground out 5-3 (Groundball, 56S, EV 86.2 MPH)
Batting: LHB Bruce Simpson 0-0: Called Strike
0-1: Ball
1-1: Called Strike
1-2: Strikes out looking
Bottom of the 5th over - 0 runs, 0 hits, 0 errors, 0 left on base; Twinsburg 2 - Athletic Club KC 2
TOP OF THE 6TH
Twinsburg Tigers batting - Pitching for Athletic Club KC U-21 : RHP Bob Wheelock
Batting: RHB Raffaello Dichio 0-0: Called Strike
0-1: Ball
1-1: Swinging Strike
1-2: Strikes out swinging
Batting: RHB Bill Carson 0-0: Called Strike
0-1: Ground out 6-3 (Groundball, 6, EV 90.0 MPH)
Batting: RHB John Jackson 0-0: Called Strike
0-1: Foul Ball, location: 2F
0-2: Strikes out swinging
Top of the 6th over - 0 runs, 0 hits, 0 errors, 0 left on base; Twinsburg 2 - Athletic Club KC 2
BOTTOM OF THE 6TH
Athletic Club KC U-21 batting - Pitching for Twinsburg Tigers : RHP Forest Bell
Batting: SHB Gary Hopkins 0-0: Ball
1-0: Foul Ball, location: 2F
1-1: Called Strike
1-2: Ball
2-2: Ball
3-2: DOUBLE (Line Drive, 9LM, EV 108.1 MPH)
Batting: LHB Rafael Padilla 0-0: Intentional Walk
Batting: RHB Germain Bedeschi 0-0: Called Strike
0-1: Ball
1-1: Called Strike
1-2: Strikes out swinging
Batting: LHB Ted Reed 0-0: Ball
1-0: Fly out, F8 (Flyball, 78S, EV 89.4 MPH)
Batting: RHB Tim Hendricks 0-0: Called Strike
0-1: Foul Ball, location: 2F
0-2: Ball
1-2: Ball
2-2: Strikes out swinging
Bottom of the 6th over - 0 runs, 1 hit, 0 errors, 2 left on base; Twinsburg 2 - Athletic Club KC 2
TOP OF THE 7TH
Twinsburg Tigers batting - Pitching for Athletic Club KC U-21 : RHP Bob Wheelock
Batting: RHB Brian Myers 0-0: Ball
1-0: Called Strike
1-1: Called Strike
1-2: Strikes out swinging
Batting: RHB Sadiya Seth 0-0: Foul Ball, location: 2F
0-1: Called Strike
0-2: Ball
1-2: DOUBLE (Groundball, 5L, EV 100.6 MPH)
Pitching: LHP Alex Adshead
Batting: RHB Charlie Cummings 0-0: Called Strike
Sadiya Seth steals 3rd base
0-1: Ball
Wild Pitch!
Sadiya Seth scores
1-1: Swinging Strike
1-2: Ball
2-2: Ball
3-2: Foul Ball, location: 2F
3-2: Single, Error in OF, E8, batter to second base (Line Drive, 6MD, EV 95.6 MPH)
Batting: LHB Keaton Kringlen 0-0: Swinging Strike
0-1: DOUBLE (Flyball, 78D, EV 99.4 MPH)
Charlie Cummings scores
Batting: RHB Axel Ruschmeyer 0-0: Ball
1-0: Fly out, F3 (Popup, 3F, EV 69.4 MPH)
Batting: LHB Bobby O'Kennedy 0-0: Called Strike
0-1: Called Strike
0-2: Ball
1-2: Foul Ball, location: 2F
1-2: Fly out, F4 (Popup, 4MD, EV 68.1 MPH)
Top of the 7th over - 2 runs, 3 hits, 1 error, 1 left on base; Twinsburg 4 - Athletic Club KC 2
BOTTOM OF THE 7TH
Athletic Club KC U-21 batting - Pitching for Twinsburg Tigers : RHP Forest Bell
Batting: RHB Mike Welch 0-0: Ball
1-0: Called Strike
1-1: Foul Ball, location: 2F
1-2: Ball
2-2: Ball
3-2: Fly out, F3 (Popup, 3S, EV 75.6 MPH)
Batting: RHB Heui-chung Tu 0-0: Ball
1-0: Called Strike
1-1: Foul Ball, location: 2F
1-2: Ball
2-2: Strikes out looking
Batting: RHB Shigetoki Numata 0-0: Fly out, F9 (Line Drive, 9D, EV 89.4 MPH)
Bottom of the 7th over - 0 runs, 0 hits, 0 errors, 0 left on base; Twinsburg 4 - Athletic Club KC 2
TOP OF THE 8TH
Twinsburg Tigers batting - Pitching for Athletic Club KC U-21 : LHP Alex Adshead
Batting: RHB Raffaello Dichio 0-0: Ball
1-0: Swinging Strike
1-1: Fly out, F3 (Popup, 3SF, EV 82.5 MPH)
Batting: RHB Bill Carson 0-0: Foul Ball, location: 2F
0-1: Swinging Strike
0-2: Ball
1-2: Foul Ball, location: 2F
1-2: SINGLE (Line Drive, 5L, EV 98.1 MPH)
Batting: RHB John Jackson 0-0: Ball
1-0: Swinging Strike
1-1: Called Strike
1-2: Strikes out swinging
Batting: RHB Brian Myers 0-0: Called Strike
0-1: Ball
1-1: SINGLE (Groundball, 4, EV 81.9 MPH) (infield hit)
Bill Carson to second
Batting: RHB Sadiya Seth 0-0: Called Strike
0-1: Ball
1-1: Foul Ball, location: 2F
1-2: Ball
2-2: Ball
3-2: Foul Ball, location: 2F
3-2: Strikes out looking
Top of the 8th over - 0 runs, 2 hits, 0 errors, 2 left on base; Twinsburg 4 - Athletic Club KC 2
BOTTOM OF THE 8TH
Athletic Club KC U-21 batting - Pitching for Twinsburg Tigers : RHP Forest Bell
Pitching: RHP Henry Terry
Now at 1B: Sam Hamilton
Batting: LHB Bruce Simpson 0-0: Foul Ball, location: 2F
0-1: Ball
1-1: Called Strike
1-2: Ball
2-2: Ball
3-2: Foul Ball, location: 2F
3-2: SINGLE (Groundball, 56D, EV 107.5 MPH)
Batting: SHB Gary Hopkins 0-0: Ball
1-0: Foul Ball, location: 2F
1-1: Ground out 4-3 (Groundball, 4, EV 102.5 MPH)
Bruce Simpson to second
Batting: LHB Rafael Padilla 0-0: Ball
1-0: Foul Ball, location: 2F
1-1: Swinging Strike
1-2: Foul Ball, location: 2F
1-2: Ball
2-2: Ball
3-2: Fly out, F5 (Popup, 5SF, EV 76.2 MPH)
Batting: RHB Germain Bedeschi 0-0: Swinging Strike
0-1: Called Strike
0-2: Ball
1-2: Ball
2-2: Ball
3-2: Strikes out swinging
Bottom of the 8th over - 0 runs, 1 hit, 0 errors, 1 left on base; Twinsburg 4 - Athletic Club KC 2
TOP OF THE 9TH
Twinsburg Tigers batting - Pitching for Athletic Club KC U-21 : LHP Alex Adshead
Batting: RHB Charlie Cummings 0-0: Called Strike
0-1: Ball
1-1: Ground out 6-3 (Groundball, 6, EV 82.5 MPH)
Batting: LHB Keaton Kringlen 0-0: Ball
1-0: Ground out 4-3 (Groundball, 4, EV 78.1 MPH)
Batting: RHB Axel Ruschmeyer 0-0: Called Strike
0-1: Ball
1-1: Swinging Strike
1-2: Ball
2-2: Strikes out swinging
Top of the 9th over - 0 runs, 0 hits, 0 errors, 0 left on base; Twinsburg 4 - Athletic Club KC 2
BOTTOM OF THE 9TH
Athletic Club KC U-21 batting - Pitching for Twinsburg Tigers : RHP Henry Terry
Pitching: LHP Ramón Sánchez
Batting: LHB Ted Reed 0-0: Swinging Strike
0-1: Called Strike
0-2: Ground out 6-3 (Groundball, 6, EV 103.1 MPH)
Batting: RHB Tim Hendricks 0-0: Ball
1-0: Foul Ball, location: 2F
1-1: Foul Ball, location: 2F
1-2: Strikes out swinging
Batting: RHB Mike Welch 0-0: Ball
1-0: Called Strike
1-1: Fly out, F6 (Popup, 6M, EV 51.2 MPH)
Bottom of the 9th over - 0 runs, 0 hits, 0 errors, 0 left on base; Twinsburg 4 - Athletic Club KC 2
Friday, April 17th, 2020 - OOTP Baseball 20.8 Build 74